Map: White Chamber

Players

Wlodziu - Winner!

  • Race: Zerg Zerg
  • Spawn Location: 12:00

Iceberg - Winner!

  • Race: Protoss Protoss
  • Spawn Location: 11:00

Leon - Winner!

  • Race: Zerg Zerg
  • League: Gold
  • Spawn Location: 11:00

LifeForAiur

  • Race: Zerg Zerg
  • Spawn Location: 5:00

RegerOrk

  • Race: Protoss Protoss
  • Spawn Location: 6:00

CAPTAİNHOOK

  • Race: Terran Terran
  • League: Master
  • Spawn Location: 5:00

VOD

Have the link to the VOD?

Description

Time

  • Played on: March 22, 2026, 5:41 a.m.
  • Length: 16:02
Show
View Real Time Build Order
Export as new Build Order

Wlodziu Zerg - Winner!

Build Orders: Hatch First 

Get SALT Encoding   

  12  0:00  Drone  
  13  0:15  Drone  
  13  0:18  Extractor, Drone  
  15  0:29  Overlord  
  15  0:48  Drone x2  
  17  0:57  Drone  
  17  0:58  Extractor  
  17  1:01  Drone  
  18  1:05  Hatchery  
  17  1:16  Spawning Pool  
  16  1:19  Drone  
  16  1:22  Drone  
  18  1:32  Drone  
  19  1:49  Overlord  
  19  2:06  Zergling x4  
  19  2:07  Queen  
  23  2:20  Queen  
  23  2:21  Zergling x4  
  27  2:24  Metabolic Boost  
  27  2:28  Drone  
  28  2:42  Drone x3  
  31  2:46  Queen  
  31  2:51  Overlord  
  33  2:56  Drone  
  34  2:59  Drone  
  34  3:03  Drone  
  36  3:14  Drone x2  
  38  3:22  Extractor  
  37  3:29  Drone x4  
  37  3:30  Drone x3  
  44  3:45  Overlord x2  
  44  3:50  Lair  
  44  4:04  Zergling x2  
  44  4:05  Zergling x10  
  49  4:36  Roach Warren  
  48  4:39  Drone x4, Evolution Chamber x2  
  48  4:40  Extractor  
  48  4:45  Extractor  
  48  5:07  Hatchery  
  48  5:10  Queen  
  49  5:25  Drone x10  
  59  5:33  Spore Crawler  
  58  5:36  Spore Crawler  
  57  5:45  Zerg Missile Weapons Level 1, Zerg Ground Armor Level 1  
  57  5:46  Glial Reconstitution  
  57  5:49  Pneumatized Carapace  
  57  5:52  Roach  
  57  5:55  Overlord x3  
  59  6:19  Hydralisk Den  
  59  6:22  Drone  
  59  6:23  Drone x9  
  68  6:26  Extractor  
  68  6:27  Extractor  
  66  6:35  Roach x3  
  66  6:37  Overlord  
  72  6:47  Overseer x2  
  72  6:51  Muscular Augments  
  72  6:56  Drone x4  
  72  7:00  Drone x3  
  79  7:17  Spore Crawler  
  79  7:21  Spine Crawler  
  79  7:22  Spine Crawler, Hydralisk  
  76  7:23  Hydralisk  
  76  7:24  Hydralisk x2  
  76  7:27  Drone  
  85  7:36  Overlord  
  85  7:41  Zerg Missile Weapons Level 2  
  85  7:45  Hatchery  
  85  7:47  Zerg Ground Armor Level 2  
  84  7:52  Drone x3  
  84  7:53  Drone  
  84  7:55  Grooved Spines  
  88  7:59  Overlord x2  
  88  8:26  Hydralisk x9  
  106  8:46  Hydralisk x7  
  120  8:49  Overlord x2  
  120  8:59  Overlord x3  
  120  9:17  Hydralisk  
  120  9:18  Hydralisk x6  
  134  9:32  Drone x2  
  134  9:33  Drone x10  
  146  9:52  Queen  
  148  10:03  Hydralisk x3  
  148  10:04  Hydralisk x2  
  158  10:18  Infestation Pit  
  157  10:25  Overlord x4  
  155  10:42  Overlord x5  
  154  10:43  Overlord  
  154  10:52  Spore Crawler x2  
  152  10:57  Extractor  
  152  11:00  Extractor  
  152  11:02  Spore Crawler  
  149  11:06  Hydralisk x20  
  187  11:36  Overlord  
  187  11:38  Hydralisk x6  
  199  11:44  Hive  
  183  12:25  Nydus Network  
  182  12:55  Hatchery  
  181  13:42  Nydus Canal  
  141  14:09  Nydus Canal  
  141  14:19  Hydralisk  
  141  14:20  Hydralisk x11  
  141  14:21  Hydralisk x19  
  199  14:33  Nydus Canal  
  199  16:01  Ultralisk Cavern  
Show
View Real Time Build Order
Export as new Build Order

Iceberg Protoss - Winner!

Build Orders: 1 Gate Expand 

Get SALT Encoding   

  12  0:00  Probe  
  13  0:12  Probe  
  14  0:18  Pylon  
  14  0:24  Probe  
  15  0:35  Probe  
  15  0:40  Gateway  
  16  0:43  Probe  
  17  0:50  Assimilator  
  17  0:52  Probe  
  18  1:03  Probe  
  19  1:11  Probe  
  20  1:24  Probe, Nexus  
  21  1:38  Cybernetics Core  
  21  1:41  Probe  
  22  1:53  Probe  
  23  1:58  Assimilator  
  23  2:02  Pylon  
  23  2:10  Forge  
  23  2:15  Pylon  
  23  2:20  Probe  
  23  2:22  Stalker  
  26  2:32  Probe  
  27  2:40  Probe  
  27  2:43  Gateway  
  29  2:44  Probe  
  29  2:48  Probe  
  29  2:58  Probe  
  30  2:59  Photon Cannon  
  30  3:01  Probe  
  30  3:03  Warp Gate  
  32  3:11  Photon Cannon  
  32  3:14  Stalker  
  34  3:21  Probe x2  
  36  3:28  Stalker  
  38  3:37  Pylon  
  38  3:40  Gateway  
  38  3:44  Protoss Ground Weapons Level 1  
  38  3:45  Probe  
  38  3:47  Probe  
  40  3:50  Stalker  
  41  4:24  Photon Cannon  
  40  4:39  Photon Cannon  
  40  4:43  Probe x2  
  40  4:45  Pylon  
  42  4:54  Pylon  
  42  4:55  Probe, Stalker x3  
  42  4:56  Probe  
  42  4:57  Assimilator  
  50  5:02  Assimilator  
  50  5:07  Probe, Gateway  
  50  5:08  Probe  
  50  5:13  Twilight Council  
  52  5:19  Probe  
  53  5:22  Photon Cannon  
  53  5:25  Stalker x2  
  53  5:27  Probe  
  58  5:34  Probe  
  59  5:35  Protoss Shields Level 1  
  59  5:39  Probe  
  60  5:43  Stalker  
  60  5:46  Probe  
  63  5:50  Blink  
  63  5:53  Probe  
  64  6:08  Nexus  
  64  6:13  Pylon  
  64  6:15  Probe  
  64  6:18  Pylon  
  65  6:29  Probe x2  
  67  6:34  Stalker  
  67  6:35  Stalker x2  
  67  6:36  Stalker  
  75  6:41  Probe  
  75  6:45  Templar Archives  
  76  6:53  Photon Cannon  
  76  7:02  Photon Cannon  
  76  7:06  Photon Cannon, Stalker  
  76  7:07  Stalker  
  80  7:10  Probe x2  
  82  7:22  Dark Shrine, Probe  
  82  7:23  Probe  
  82  7:24  Probe  
  85  7:30  Probe, Assimilator  
  85  7:32  Assimilator  
  85  7:36  Probe  
  87  7:41  Charge  
  87  7:48  Forge  
  87  7:49  Forge  
  87  7:52  Pylon  
  87  7:53  Pylon  
  87  7:54  High Templar  
  87  7:55  High Templar x3  
  87  7:57  Pylon, Probe x2  
  97  8:00  Probe  
  98  8:08  Probe  
  98  8:09  Probe x2, Archon  
  98  8:10  Archon  
  98  8:12  Protoss Shields Level 2  
  101  8:13  Protoss Ground Weapons Level 2, Protoss Ground Armor Level 1  
  101  8:21  Probe  
  102  8:35  Gateway  
  102  8:36  Gateway  
  102  8:39  Gateway  
  102  8:44  Gateway  
  102  8:46  Gateway  
  102  8:49  High Templar x2  
  102  8:50  High Templar x2  
  102  8:52  Gateway  
  110  9:11  Nexus  
  110  9:14  Pylon  
  110  9:18  Pylon  
  110  9:19  Pylon, Archon  
  110  9:20  Pylon x2, Archon  
  110  9:21  Pylon  
  110  9:23  High Templar x3  
  116  9:24  High Templar  
  118  9:47  Pylon  
  118  9:49  Photon Cannon  
  118  9:52  Photon Cannon  
  118  9:54  Archon  
  118  9:55  Archon  
  118  9:56  Assimilator  
  118  9:59  Assimilator  
  118  10:04  Pylon  
  118  10:07  Pylon  
  118  10:09  Pylon  
  118  10:19  Protoss Ground Weapons Level 3, Protoss Shields Level 3, Dark Templar  
  118  10:20  Dark Templar  
  118  10:21  Dark Templar x2  
  124  10:25  Protoss Ground Armor Level 2  
  126  10:29  Pylon  
  126  10:33  Pylon  
  126  10:34  Stalker x4  
  126  10:35  Stalker x2  
  138  10:39  Photon Cannon  
  138  10:42  Photon Cannon  
  138  10:43  Photon Cannon  
  138  10:46  Photon Cannon  
  138  10:47  Photon Cannon  
  138  10:49  Probe x4  
  142  11:05  High Templar x2  
  142  11:07  Zealot x3  
  152  11:28  Probe x2  
  152  11:29  Probe x2  
  152  11:32  Stalker x2  
  158  11:33  Stalker x3  
  166  11:40  Probe x2  
  166  11:41  Probe x2  
  166  11:46  Pylon  
  170  11:55  High Templar x5, Pylon  
  170  11:56  High Templar  
  170  11:58  Archon  
  170  11:59  Archon x3  
  170  12:00  Archon  
  182  12:01  Pylon  
  182  12:10  Pylon  
  182  12:12  Zealot x3  
  182  12:13  Zealot  
  190  12:15  Pylon  
  190  12:19  Probe x3  
  193  12:27  Pylon  
  193  12:30  Robotics Facility  
  193  12:31  Robotics Facility  
  193  12:42  Protoss Ground Armor Level 3  
  193  12:51  Stalker x3  
  197  12:52  Pylon  
  199  13:37  Observer  
  168  14:18  Stalker x3  
  168  14:19  Stalker x4  
  168  14:20  Stalker x3  
  158  14:42  Stalker x3  
  158  14:43  Stalker x5  
  158  14:44  Stalker x2  
  175  15:08  Zealot x2  
  175  15:09  Zealot x6  
  175  15:10  Zealot x2  
  175  15:48  Dark Templar  
  175  15:49  Dark Templar x5  
  185  15:50  Dark Templar x4  
Show
View Real Time Build Order
Export as new Build Order

Leon Zerg - Winner!

Build Orders: Hatch First, Lurkers 

Get SALT Encoding   

  12  0:02  Drone  
  13  0:13  Overlord  
  13  0:17  Drone  
  14  0:31  Drone x2  
  14  0:35  Drone  
  17  0:54  Hatchery  
  16  0:59  Drone  
  16  1:00  Drone  
  16  1:01  Extractor  
  17  1:15  Spawning Pool  
  17  1:17  Drone  
  17  1:22  Drone  
  18  1:29  Drone  
  19  1:44  Drone  
  20  2:04  Zergling x4  
  20  2:06  Queen x2  
  26  2:11  Overlord  
  26  2:30  Extractor, Drone x2, Overlord  
  27  2:43  Lair  
  27  2:46  Drone x4  
  32  2:58  Drone  
  32  2:59  Drone  
  32  3:04  Spore Crawler  
  32  3:17  Spore Crawler  
  32  3:18  Drone  
  32  3:19  Drone x5  
  37  3:20  Drone  
  37  3:25  Metabolic Boost  
  38  3:42  Hatchery  
  37  3:54  Zergling x4  
  39  3:57  Hydralisk Den  
  39  4:00  Zergling x10  
  43  4:37  Overlord x2  
  43  4:53  Drone  
  43  4:55  Extractor, Overlord  
  43  4:56  Drone  
  43  4:57  Drone x8, Extractor  
  51  5:18  Queen  
  53  5:21  Hydralisk  
  53  5:22  Hydralisk x6  
  53  5:24  Hydralisk  
  69  5:32  Drone  
  70  5:36  Drone x2  
  72  5:47  Overlord  
  72  5:50  Overseer  
  72  5:52  Pneumatized Carapace  
  72  5:56  Drone  
  74  5:57  Drone  
  74  6:00  Overlord x2  
  74  6:01  Overlord  
  74  6:02  Overlord  
  74  6:07  Muscular Augments  
  74  6:08  Drone  
  74  6:09  Drone x4  
  79  6:20  Spore Crawler  
  78  6:29  Drone x5  
  78  6:30  Drone x4  
  78  6:31  Drone x2  
  78  6:32  Extractor  
  88  6:33  Drone  
  88  6:34  Drone  
  90  6:50  Lurker Den  
  89  7:01  Drone  
  89  7:02  Drone x7  
  89  7:05  Extractor  
  89  7:07  Hydralisk  
  89  7:08  Hydralisk x3  
  98  7:09  Hydralisk  
  98  7:11  Grooved Spines  
  98  7:14  Hatchery  
  105  7:20  Drone x2  
  105  7:21  Drone  
  108  7:27  Evolution Chamber  
  108  7:29  Evolution Chamber  
  106  7:54  Lurker x5  
  106  7:55  Lurker  
  112  7:58  Hydralisk  
  112  8:02  Overlord x4  
  114  8:06  Zerg Missile Weapons Level 1, Zerg Ground Armor Level 1  
  114  8:12  Extractor  
  113  8:14  Extractor  
  113  8:15  Queen  
  114  8:26  Queen  
  114  8:28  Hydralisk  
  114  8:29  Hydralisk x9  
  114  8:30  Hydralisk  
  114  8:31  Hydralisk x4  
  146  8:40  Spore Crawler  
  145  8:53  Drone  
  145  8:54  Drone x6  
  152  8:56  Overlord x4  
  152  8:57  Infestation Pit  
  151  9:18  Overseer  
  151  9:25  Drone x3  
  151  9:29  Hydralisk x4  
  151  9:30  Hydralisk x9  
  180  9:35  Lurker x3  
  183  9:48  Hive  
  183  9:51  Drone  
  183  9:52  Overlord x4  
  184  10:04  Overlord x4  
  184  10:26  Overseer  
  184  10:30  Lurker x5  
  184  10:33  Hydralisk x5  
  199  10:37  Zergling x2  
  199  10:42  Zerg Missile Weapons Level 2, Zerg Ground Armor Level 2  
  200  10:55  Lurker  
  198  10:58  Hydralisk  
  200  11:11  Adaptive Talons  
  200  11:30  Overseer  
  200  11:36  Overlord x3  
  200  11:58  Nydus Network  
  199  12:08  Seismic Spines  
  199  12:19  Overseer  
  199  12:34  Zergling x2  
  200  12:45  Overseer  
  200  13:10  Nydus Canal  
  200  14:19  Hatchery  
  193  14:55  Hydralisk  
  193  14:56  Hydralisk x3  
  177  15:18  Hydralisk  
  177  15:19  Hydralisk x13  
  199  15:23  Zergling x2  
Show
View Real Time Build Order
Export as new Build Order

LifeForAiur Zerg 

Build Orders: Hatch First 

Get SALT Encoding   

  12  0:01  Drone  
  13  0:29  Hatchery  
  13  0:32  Drone  
  13  0:59  Drone, Spawning Pool  
  13  1:01  Drone  
  14  1:06  Overlord  
  14  1:26  Drone x2  
  16  1:33  Drone  
  17  1:42  Drone  
  17  1:47  Queen  
  18  1:49  Extractor  
  18  1:50  Drone  
  18  1:54  Drone  
  21  2:05  Drone  
  21  2:08  Drone x2  
  24  2:09  Queen  
  26  2:22  Drone  
  27  2:28  Drone  
  28  2:38  Extractor  
  28  2:39  Drone  
  28  2:50  Overlord  
  28  2:58  Overlord x3  
  28  3:03  Pneumatized Carapace  
  28  3:19  Drone  
  29  3:22  Drone  
  29  3:26  Drone x3  
  29  3:27  Drone x2  
  35  3:40  Drone  
  36  3:46  Drone x2  
  36  3:47  Drone  
  39  3:59  Drone x2  
  39  4:00  Drone  
  42  4:03  Drone  
  42  4:05  Lair  
  42  4:07  Lair  
  43  4:41  Overlord x3  
  43  4:45  Overlord x4  
  43  4:52  Drone  
  44  4:57  Drone  
  45  5:12  Hatchery  
  44  5:20  Drone x2, Extractor  
  45  5:25  Drone  
  45  5:28  Drone x3  
  49  5:36  Spire  
  49  5:51  Extractor  
  48  6:02  Overseer x2  
  48  6:03  Overseer x6  
  48  6:04  Overseer x4  
  48  6:42  Overseer  
  48  7:45  Drone  
  49  8:47  Mutalisk x6  
  49  8:48  Mutalisk x5  
  61  8:49  Mutalisk x6  
  61  8:50  Mutalisk  
  85  8:57  Mutalisk  
  87  9:14  Spire  
  86  9:30  Mutalisk x2  
  90  9:39  Mutalisk  
  92  10:25  Mutalisk x5  
  102  10:53  Zerg Flyer Weapons Level 1, Zerg Flyer Armor Level 1  
  102  11:33  Mutalisk x4  
  102  11:34  Mutalisk  
  102  11:38  Mutalisk  
  114  12:09  Mutalisk  
  116  12:25  Overlord x5  
  116  12:26  Overlord x2  
  116  12:47  Mutalisk x6  
  128  13:17  Zerg Flyer Weapons Level 2  
  128  13:18  Zerg Flyer Armor Level 2  
  48  14:34  Mutalisk  
  48  14:35  Mutalisk  
Show
View Real Time Build Order
Export as new Build Order

RegerOrk Protoss 

Build Orders: Cannon Rush 

Get SALT Encoding   

  1  0:00  Probe  
  13  0:16  Probe  
  13  0:17  Pylon  
  14  0:34  Pylon  
  14  0:37  Probe  
  15  0:49  Probe, Forge  
  16  1:03  Pylon  
  16  1:07  Probe  
  16  1:08  Pylon  
  17  1:15  Probe  
  18  1:26  Photon Cannon  
  18  1:33  Probe  
  19  1:40  Photon Cannon  
  19  1:58  Photon Cannon  
  19  2:00  Assimilator  
  19  2:01  Probe  
  20  2:13  Photon Cannon  
  20  2:20  Photon Cannon  
  20  2:37  Pylon  
  20  2:45  Probe  
  20  2:47  Photon Cannon  
  21  2:53  Probe  
  22  3:01  Gateway  
  22  3:02  Probe  
  23  3:08  Photon Cannon  
  23  3:17  Photon Cannon  
  23  3:37  Assimilator  
  23  3:52  Nexus  
  23  4:01  Photon Cannon  
  23  4:19  Photon Cannon  
  23  4:24  Photon Cannon  
  23  4:45  Nexus  
  23  4:49  Probe  
  24  4:57  Probe  
  24  4:59  Protoss Ground Weapons Level 1  
  24  5:07  Probe  
  26  5:14  Probe  
  26  5:16  Cybernetics Core  
  27  5:23  Probe  
  28  5:32  Probe  
  28  5:33  Photon Cannon  
  29  5:47  Photon Cannon  
  29  5:54  Pylon, Probe  
  29  6:03  Probe  
  30  6:10  Shield Battery  
  31  6:12  Probe  
  31  6:17  Shield Battery  
  32  6:24  Photon Cannon  
  32  6:25  Photon Cannon  
  32  6:35  Photon Cannon  
  32  6:36  Probe  
  32  6:37  Probe  
  34  6:48  Probe  
  34  6:53  Photon Cannon  
  35  7:00  Probe x2  
  35  7:01  Photon Cannon  
  37  7:12  Probe  
  37  7:13  Shield Battery  
  38  7:18  Photon Cannon  
  38  7:24  Probe, Photon Cannon  
  38  7:28  Shield Battery  
  39  7:44  Probe  
  39  7:48  Pylon  
  39  7:49  Probe  
  40  7:51  Pylon  
  40  7:52  Probe  
  40  7:57  Probe  
  42  8:01  Probe  
  44  8:06  Assimilator  
  44  8:07  Probe  
  44  8:10  Assimilator  
  45  8:13  Probe  
  45  8:19  Probe  
  47  8:23  Photon Cannon  
  47  8:25  Photon Cannon, Probe  
  48  8:31  Probe  
  49  8:35  Stargate  
  49  8:36  Stargate  
  49  8:41  Stargate x2  
  49  8:44  Stargate  
  49  8:54  Pylon  
  49  8:57  Stargate  
  49  9:14  Photon Cannon  
  49  9:15  Photon Cannon  
  49  9:18  Photon Cannon  
  49  9:19  Photon Cannon  
  49  9:22  Photon Cannon  
  49  9:23  Photon Cannon  
  49  9:24  Photon Cannon  
  49  9:35  Pylon  
  49  9:37  Probe  
  49  9:45  Probe  
  51  9:54  Probe  
  52  10:02  Photon Cannon  
  52  10:05  Photon Cannon  
  52  10:06  Probe  
  52  10:07  Photon Cannon  
  53  10:08  Photon Cannon  
  53  10:10  Photon Cannon  
  53  10:15  Stargate  
  53  10:18  Stargate, Probe  
  54  10:22  Stargate  
  54  10:23  Stargate  
  66  10:44  Void Ray x3  
  66  10:58  Photon Cannon  
  66  10:59  Photon Cannon  
  66  11:00  Protoss Ground Armor Level 1  
  66  11:15  Probe  
  66  11:20  Probe  
  66  11:21  Protoss Air Weapons Level 1  
  66  11:23  Probe  
  68  11:28  Probe  
  73  11:33  Probe  
  73  11:37  Void Ray  
  75  11:42  Photon Cannon  
  75  11:44  Photon Cannon  
  75  11:45  Probe  
  76  11:53  Shield Battery  
  76  11:55  Shield Battery  
  76  11:57  Shield Battery, Probe  
  76  12:00  Shield Battery, Void Ray  
  77  12:01  Void Ray  
  77  12:03  Void Ray  
  89  12:30  Assimilator  
  89  12:35  Assimilator  
  89  12:48  Void Ray  
  89  12:49  Void Ray  
  89  12:50  Void Ray  
  101  13:02  Protoss Shields Level 1  
  101  13:52  Pylon  
  125  14:03  Void Ray x4  
  125  14:04  Void Ray x2  
Show
View Real Time Build Order
Export as new Build Order

CAPTAİNHOOK Terran 

Build Orders:  

Get SALT Encoding   

  12  0:02  SCV  
  13  0:21  SCV  
  13  0:27  Supply Depot  
  14  0:33  SCV  
  15  0:48  SCV  
  16  0:51  Barracks  
  16  0:57  Refinery  
  16  1:02  Refinery  
  16  1:15  Barracks  
  16  1:24  SCV  
  17  1:27  Barracks  
  17  1:36  SCV  
  18  1:48  Barracks Reactor, SCV  
  19  2:00  SCV  
  20  2:08  Supply Depot  
  20  2:11  Barracks Reactor  
  20  2:16  Barracks Reactor  
  20  2:27  Barracks  
  20  2:31  Reaper x2  
  22  2:48  Reaper  
  22  2:49  Reaper  
  24  2:54  Reaper  
  24  2:55  Reaper  
  26  3:11  Reaper x2  
  28  3:17  Barracks Tech Lab  
  23  5:18  Marine x5  
  23  5:19  Marine x2  
  29  5:35  Marine  
  29  5:36  Marine  
  31  5:48  Command Center  
  31  6:00  Factory  
  31  6:08  Orbital Command  
  31  6:11  Supply Depot  
  31  6:16  Supply Depot  
  31  6:32  Marine x7  
  31  6:34  SCV  
  39  6:47  SCV  
  40  6:50  Marine x6  
  40  6:51  Starport  
  46  6:56  Engineering Bay  
  46  6:59  SCV  
  46  7:00  Supply Depot, Factory Tech Lab  
  47  7:08  Orbital Command  
  47  7:11  SCV  
  48  7:17  Combat Shield  
  48  7:23  SCV  
  48  7:29  Terran Infantry Weapons Level 1  
  49  7:39  Missile Turret  
  49  7:46  SCV  
  49  7:49  Missile Turret  
  50  7:58  SCV  
  50  8:02  Starport Reactor  
  51  8:07  Supply Depot  
  51  8:11  SCV  
  52  8:18  Missile Turret  
  52  8:23  SCV  
  53  8:33  Siege Tank  
  56  8:35  SCV  
  56  8:36  Stimpack  
  57  8:49  SCV  
  57  8:54  Missile Turret x2  
  58  9:01  Marine x3, SCV  
  58  9:02  Marine  
  63  9:05  Siege Tank  
  63  9:07  Missile Turret  
  64  9:20  Missile Turret  
  64  9:26  SCV  
  66  9:31  SCV  
  66  9:37  Siege Tank  
  66  9:38  Refinery, SCV  
  69  9:41  Refinery  
  69  9:42  Viking  
  69  9:43  SCV  
  73  9:50  SCV  
  74  9:55  SCV  
  75  10:02  SCV  
  75  10:07  SCV  
  76  10:15  SCV  
  76  10:19  Siege Tank, SCV  
  68  10:46  Viking x2  
  72  11:10  Marine x3  
  72  11:11  Marine x4  
  76  11:16  Viking x2  
  83  11:20  Widow Mine  
  82  11:28  Marine x4  
  82  11:29  Marine x3, Armory  
  89  11:41  Widow Mine  
  89  11:46  Viking x2  
  84  12:03  Widow Mine  
  84  12:16  Viking x2  
  84  12:20  Supply Depot  
  88  12:23  Supply Depot  
  88  12:24  Widow Mine  
  90  12:40  Drilling Claws  
  90  12:45  Widow Mine  
  92  12:56  Factory  
  92  13:00  Marine x3  
  92  13:01  Marine x3  
  98  13:06  Siege Tank  
  101  13:14  Supply Depot  
  101  13:18  Marine x4  
  101  13:19  Marine x2  
  107  13:36  Marine x5  
  107  13:37  Marine  
  107  13:38  Siege Tank  
  107  13:53  Marine  
  108  14:11  Siege Tank  
  111  14:43  Siege Tank  
Tags
 
Add a new tag
Caveats
  • Supply blocks, unpowered buildings, or Contaminate may cause inaccurate times.
  • Supply counts are checked every 10 seconds.